 Dungeon Crawl Stone Soup version 0.25-a0-697-g890751e744 (webtiles) character file.

Game seed: 3503592371853940706, levelgen mode: deterministic

35 Ashen the Magician (level 3, -1/24 HPs)
             Began as a Mummy Wizard on Apr 1, 2020.
             Slain by an adder (4 damage)
             ... on level 2 of the Dungeon.
             The game lasted 00:06:37 (1324 turns).

Ashen the Magician (Mummy Wizard)                   Turns: 1324, Time: 00:06:38

Health: -1/24      AC:  3    Str: 10    XL:     3   Next: 17%
Magic:  0/8        EV: 12    Int: 18    God:
Gold:   53         SH:  0    Dex: 10    Spells: 3/10 levels left

rFire    x . .     SeeInvis .   e - +0 dagger
rCold    + . .     Gourm    .   (no shield)
rNeg     + + +     Faith    .   a - +0 robe
rPois    ∞         Spirit   .   b - +1 hat
rElec    .         Reflect  .   (no cloak)
rCorr    .         Harm     .   (no gloves)
MR       .....                  (no boots)
Stlth    ++........             (no amulet)
HPRegen  0.08/turn              (no ring)
MPRegen  0.11/turn              (no ring)

@: very slightly contaminated
A: no food or potions, fire vulnerability, cold resistance 1, negative energy
resistance 3, torment resistance, unbreathing
a: no special abilities


You were on level 2 of the Dungeon.
You were not hungry.

You visited 1 branch of the dungeon, and saw 2 of its levels.

You collected 53 gold pieces.

Inventory:

Hand Weapons
 e - a +0 dagger (weapon)
Missiles
 f - 9 poisoned darts (quivered)
Armour
 a - a +0 robe (worn)
 b - a +1 hat (worn)
Scrolls
 c - a scroll of remove curse


   Skills:
 + Level 0.3 Fighting
 + Level 2.0 Dodging
 - Level 2.0 Stealth
 + Level 4.4 Spellcasting
 + Level 1.3 Conjurations
 - Level 0.7 Summonings
 - Level 0.7 Translocations


You had 3 spell levels left.
You knew the following spells:

 Your Spells              Type           Power        Failure   Level  Hunger
a - Magic Dart            Conj           #...         9%          1    N/A
b - Call Imp              Summ           #.......     16%         2    N/A
c - Blink                 Tloc           N/A          16%         2    N/A
d - Slow                  Hex            #.......     22%         2    N/A

Your spell library contained the following spells:

 Spells                   Type           Power        Failure   Level  Hunger
 Conjure Flame            Conj/Fire      #.......     32%         3    N/A
 Mephitic Cloud           Conj/Pois/Air  #.......     34%         3    N/A

Dungeon Overview and Level Annotations

Branches:
Dungeon (2/15)

Altars:
Gozag
Zin


Innate Abilities, Weirdness & Mutations

You do not eat or drink.
Your flesh is vulnerable to fire.
You are immune to poison.
Your flesh is cold resistant. (rC+)
You are immune to negative energy. (rN+++)
You are immune to unholy pain and torment.
You can survive without breathing.


Message History

You barely miss the adder.
The adder is lightly wounded.
The adder bites you.
Casting: Magic Dart (safe; 9% risk of failure)
Confirm with . or Enter, or press ? or * to list all spells.
Aiming: Magic Dart (safe; 9% risk of failure)
Press: ? - help, Shift-Dir - straight line, f/p - adder
Aim: an adder (lightly wounded)
The magic dart hits the adder.
The adder is moderately wounded.
The adder barely misses you. The adder bites you.
* * * LOW HITPOINT WARNING * * *
As you read the scroll labeled KAOG YCIOL, it crumbles to dust.
You feel blessed for a moment.
It was a scroll of remove curse.
The adder bites you.
* * * LOW HITPOINT WARNING * * *
As you read the scroll labeled ENUOBB DUFIOMER, it crumbles to dust.
It is a scroll of enchant armour.
Your +0 hat glows green for a moment.
The adder bites you.
You die...

...###........#..# #####
..## #........#..###...#
. # #........#%.##.._.#
. #........#...#....#
.#####........#..(†....#
.............[...##....#
.....######†##.#.##.._.#
.....# #<##.#.###...#
..<..# #.##.#@# #####
.....# ##.#..#.S.....#
###.## #....##..##..)#
.. #.#.###..# ## ### #.
.# #..# .. .# #..# #.#
.# #.## #. .# #.# .. .#


You could see an adder.

Vanquished Creatures
  A worm (D:1)
  4 leopard geckos
  2 giant cockroaches (D:2)
  A goblin (D:1)
  5 hobgoblins
  5 bats (D:1)
  3 frilled lizards
  2 kobolds
  5 rats
28 creatures vanquished.

Notes
Turn   | Place    | Note
-------+----------+-------------------------------------------
     0 | D:1      | Ashen the Mummy Wizard began the quest for the Orb.
     0 | D:1      | Reached XP level 1. HP: 13/13 MP: 5/5
   176 | D:1      | Reached skill level 1 in Conjurations
   327 | D:1      | Reached XP level 2. HP: 19/19 MP: 5/7
   334 | D:1      | Learned a level 2 spell: Call Imp
   337 | D:1      | Learned a level 2 spell: Blink
   340 | D:1      | Learned a level 2 spell: Slow
  1127 | D:1      | Reached XP level 3. HP: 21/24 MP: 0/8
  1271 | D:2      | Found an opulent altar of Gozag,
  1271 | D:2      | Found a glowing silver altar of Zin,
  1324 | D:2      | Slain by an adder

Levels and vault maps discovered:
D:1:      wheals_arrival_shading, layout_loops_ring, minmay_quantized
D:2:      layout_rooms, grunt_temple_overflow_gold_and_silver

Skill      XL: |  1  2 |
---------------+-------+-----
Conjurations   | 1 |  1.3
Stealth        | 2 |  2.0
Dodging        | 2 |  2.0
Fighting       | |  0.3
Spellcasting   | |  4.4
Summonings     | |  0.7
Translocations | |  0.7

Action                   || total
-------------------------++-------
Melee: Club              ||    12
       Dagger            ||    31
 Cast: Magic Dart        ||    73
  Use: Scroll            ||     6
 Stab: Sleeping          ||     1
Armor: Robe              ||    12
Dodge: Dodged            ||    51

Table legend:
 A = Non-vault XP
 B = Vault XP
 C = Vault XP percentage of total XP
 D = Non-vault monster count
 E = Vault monster count
 F = Vault count percentage of total count
                 A         B        C        D         E       F
            +---------+---------+-------+---------+---------+-------
      Total |      43 |       8 |  15.7 |      23 |       5 |  17.9
            +---------+---------+-------+---------+---------+-------
        D:1 |      30 |       8 |  21.1 |      16 |       5 |  23.8
        D:2 |      13 |       0 |   0.0 |       7 |       0 |   0.0
            +---------+---------+-------+---------+---------+-------
